 Dungeon Crawl Stone Soup version 0.21.1-1-g345015f (webtiles) character file.

209 RipGuy the Ruffian (level 5, -9/41 (45) HPs)
             Began as a Ghoul Fighter on May 11, 2018.
             Mangled by Menkaure (17 damage)
             ... on level 4 of the Dungeon.
             The game lasted 00:06:40 (3968 turns).

RipGuy the Ruffian (Ghoul Fighter)                  Turns: 3968, Time: 00:06:41

HP:   -9/41 (45)    AC:  8    Str: 21    XL:     5   Next: 87%
MP:   4/4           EV:  5    Int:  3    God:
Gold: 229           SH:  9    Dex:  8    Spells: 4/4 levels left

rFire    . . .     SeeInvis .     - Unarmed
rCold    + . .     Gourm    .   b - +0 shield
rNeg     + + +     Faith    .   t - +0 chain mail
rPois    ∞         Spirit   .   (no helmet)
rElec    .         Reflect  .   (no cloak)
rCorr    .         Harm     .   (no gloves)
MR       .....                  (no boots)
Stlth    ..........             (no amulet)
HPRegen  0.00/turn              (no ring)
MPRegen  0.09/turn              (no ring)

@: rotting
A: rotting body, claws 1, carnivore, cold resistance 1, negative energy
resistance 3, inhibited regeneration, torment resistance, unbreathing
a: no special abilities


You were on level 4 of the Dungeon.
You were not hungry.

You visited 1 branch of the dungeon, and saw 4 of its levels.

You collected 229 gold pieces.

Inventory:

Armour
 a - a +0 scale mail
 b - a +0 shield (worn)
 k - a +0 ring mail
 t - a +0 chain mail (worn)
Jewellery
 u - an uncursed amulet of guardian spirit {unknown}
Scrolls
 f - 2 scrolls of enchant weapon {unknown}
 g - 4 scrolls of remove curse {unknown}
 h - 7 scrolls of identify {unknown}
 i - 2 scrolls of amnesia {unknown}
 l - 2 scrolls of teleportation {unknown}
 n - a scroll of fear {unknown}
 o - 2 scrolls of random uselessness {unknown}
 p - a scroll of immolation {unknown}
 r - a scroll of blinking {unknown}
 v - a scroll of magic mapping {unknown}
Potions
 c - 2 potions of might
 e - a potion of magic {unknown}
 j - 3 potions of curing {unknown}
 m - a potion of ambrosia {unknown}
 q - a potion of lignification {unknown}
 s - 3 potions of flight {unknown}
Comestibles
 d - 5 rations


   Skills:
 - Level 3.2 Fighting
 - Level 2.6 Armour
 + Level 3.7 Shields
 * Level 5.6 Unarmed Combat


You had 4 spell levels left.
You didn't know any spells.

Dungeon Overview and Level Annotations

Branches:
Dungeon (4/15)
 Temple: D:4-7

Altars:
Gozag
Nemelex Xobeh
Ru
The Shining One

Annotations:
D:4 Menkaure


Innate Abilities, Weirdness & Mutations

Your body is rotting away.
You thrive on raw meat.
You are immune to poison.
You have sharp fingernails.
You are carnivorous and can eat meat at any time.
Your flesh is cold resistant. (rC+)
You are immune to negative energy. (rN+++)
You do not regenerate when monsters are visible.
You are immune to unholy pain and torment.
You can survive without breathing.


Message History

Menkaure is moderately damaged.
Menkaure hits you!
You scratch Menkaure but do no damage.
Menkaure is moderately damaged.
Menkaure hits you.
You scratch Menkaure.
Menkaure is heavily damaged.
Menkaure shrieks, "Why can't you leave me to my rest?"
Menkaure hits you! Menkaure hits you.
* * * LOW HITPOINT WARNING * * *
Menkaure's bandages flutter.
Menkaure hits you.
* * * LOW HITPOINT WARNING * * *
Menkaure hits you but does no damage.
You open the door. Menkaure barely misses you. You block Menkaure's attack.
There is an open door here.
Menkaure hits you.
* * * LOW HITPOINT WARNING * * *
Menkaure hits you!
You die...

#......# #.##........
#####
#......###.##........
##.......##.##........
#........##.##........
#.....................
#........##.##.######.
#...........##.#
#.........#'##M####
#)...........@....#
.#######..........#
#..........#
#..........#
#..........#
#...>......#
............#
##..........#
#..........#


You could see Menkaure.

Vanquished Creatures
  A bullfrog zombie (D:4)
  A hound (D:4)
  Terence (D:2)
  2 adders (D:3)
  4 worms
  6 dart slugs
  6 leopard geckos
  6 orcs (D:3)
  4 giant cockroaches (D:2)
  7 goblins
  4 hobgoblins
  2 jackals (D:1)
  9 kobolds
  8 bats
  6 frilled lizards
  9 rats
76 creatures vanquished.

Notes
Turn   | Place    | Note
-------+----------+-------------------------------------------
     0 | D:1      | RipGuy the Ghoul Fighter began the quest for the Orb.
     0 | D:1      | Reached XP level 1. HP: 19/19 MP: 0/0
    96 | D:1      | Reached XP level 2. HP: 26/26 MP: 1/1
   342 | D:1      | Reached skill level 3 in Unarmed Combat
   497 | D:1      | Reached XP level 3. HP: 23/29 MP: 2/2
   951 | D:2      | Noticed Terence
   959 | D:2      | Killed Terence
   960 | D:2      | Reached XP level 4. HP: 32/37 MP: 3/3
   998 | D:2      | Reached skill level 4 in Unarmed Combat
  1674 | D:2      | Found an opulent altar of Gozag.
  1675 | D:2      | Found a sparkling altar of Nemelex Xobeh.
  2076 | D:2      | Found a glowing golden altar of the Shining One.
  2078 | D:2      | Found a sacrificial altar of Ru.
  2659 | D:3      | Reached XP level 5. HP: 43/43 MP: 4/4
  3204 | D:3      | Reached skill level 5 in Unarmed Combat
  3936 | D:4      | Noticed Menkaure
  3968 | D:4      | Mangled by Menkaure

Skill      XL: |  1  2  3  4  5 |
---------------+----------------+-----
Shields        | 3 |  3.7
Unarmed Combat | 3 4 5 |  5.6
Fighting       | |  3.2
Armour         | |  2.6

Action                   |  1- 3 |  4- 6 || total
-------------------------+-------+-------++-------
Melee: Unarmed           |    80 |   168 ||   248
  Eat: Chunk             |     4 |     8 ||    12
Armor: Scale mail        |    29 |    33 ||    62
       Chain mail        |       |    25 ||    25
Dodge: Dodged            |    30 |    35 ||    65
Block: Shield            |    32 |    69 ||   101
